 Dungeon Crawl Stone Soup version 0.28.0-61-g67df4f89a8 (webtiles) character file.

Game seed: 16783672084617574036

16 NotaViper the Covered (level 2, -3/21 HPs)
             Began as a Human Wanderer on Feb 15, 2023.
             Killed by divine providence
             ... invoked by an orc priest
              (17 damage)
             ... on level 2 of the Dungeon.
             The game lasted 00:02:46 (1242 turns).

NotaViper the Covered (Human Wanderer)              Turns: 1242, Time: 00:02:48

Health: -3/21      AC:  6    Str: 12    XL:     2   Next: 75%
Magic:  3/3        EV: 10    Int: 13    God:
Gold:   61         SH:  0    Dex: 11    Spells: 2/3 levels left

rFire   . . .      SeeInvis .   a - +2 hand axe
rCold   . . .      Faith    .   (no shield)
rNeg    . . .      Spirit   .   b - +0 ring mail
rPois   .          Reflect  .   (no helmet)
rElec   .          Harm     .   f - +0 cloak
rCorr   .          Rampage  .   (no gloves)
Will    .....                   (no boots)
Stlth   +.........              (no amulet)
HPRegen 0.07/turn               (no ring)
MPRegen 0.08/turn               (no ring)

@: no status effects
A: no striking features
a: no special abilities


You were on level 2 of the Dungeon.
You visited 1 branch of the dungeon, and saw 2 of its levels.

You collected 61 gold pieces.

Inventory:

Hand Weapons
 a - a +2 hand axe (weapon)
 d - a +0 hunting sling
Missiles
 e - 26 stones
Armour
 b - a +0 ring mail (worn)
 f - a +0 cloak (worn)
Scrolls
 c - 2 scrolls of vulnerability {unknown}


   Skills:
 + Level 1.0 Fighting
 + Level 2.1 Axes
 + Level 2.7 Armour
 + Level 1.0 Spellcasting
 + Level 1.0 Transmutations
 + Level 1.0 Invocations
 + Level 2.2 Evocations


You had 2 spell levels left.
You knew the following spells:

 Your Spells              Type           Power      Damage    Failure   Level
a - Beastly Appendage     Tmut           6%         N/A       38%         1

Your spell library contained the following spells:

 Spells                   Type           Power      Damage    Failure   Level
 Ignite Poison            Fire/Tmut/Pois 1%         N/A       85%         3
 Ozocubu's Armour         Ice            0%         N/A       88%         3
 Ozocubu's Refrigeration  Ice            0%         4d5       100%        7


Dungeon Overview and Level Annotations

Branches:
Dungeon (2/15)

Altars:


Message History

You hit the dart slug.
The dart slug is heavily wounded.
The dart slug barely misses you.
You hit the dart slug.
The dart slug is almost dead.
The dart slug closely misses you.
You hit the dart slug.
You kill the dart slug!
An orc comes into view. It is wielding a +0 club.
The orc shouts!
Found a stone staircase leading down.
A worm comes into view.
You hit the worm.
The worm is lightly wounded.
The giant cockroach waves its antennae.
The worm barely misses you.
You barely miss the worm.
The worm is lightly wounded.
You hit the worm.
The worm is moderately wounded.
The worm bites you but does no damage.
You hit the worm.
The worm is heavily wounded.
The worm barely misses you. The giant cockroach bites you.
You hit the worm.
The worm is heavily wounded.
You hit the giant cockroach.
You kill the giant cockroach!
You hit the worm.
The worm is severely wounded.
You barely miss the orc.
The orc priest miscasts a cantrip.
The orc closely misses you. The worm bites you.
You slash the worm!
You kill the worm!
You hit the orc. The orc hits you but does no damage.
The orc priest calls down the wrath of Beogh upon you.
Beogh smites you!
Ouch! That really hurt!
You die...

#.?.[..## oo.# #
#.# #
#####..##.....##
#.# #
#..#.......# #.#
# #..#.......#
#.# #
#..#.......# #
#..#.......# #
#..#..o....# #
#..#††.....# #
#..#@o.....# #
#........... ###
#........... #..
###......#.. #.#
#.####.# # #.#
#.# ... #.# #.#
..# #.# #.# .#
#.# #.# #.#


You could see an orc priest and an orc.

Vanquished Creatures
  A worm (D:2)
  2 dart slugs
  3 endoplasms (D:1)
  A giant cockroach (D:2)
  2 goblins
  2 hobgoblins
  A rat (D:1)
12 creatures vanquished.

Vanquished Creatures (others)
  6 plants (D:2)
6 creatures vanquished.

Grand Total: 18 creatures vanquished

Notes
Turn   | Place    | Note
-------+----------+-------------------------------------------
     0 | D:1      | NotaViper the Human Wanderer began the quest for the Orb.
     0 | D:1      | NotaViper set off with the following items: a +2 hand axe,
                  | a +0 ring mail; and the following spell memorised: Beastly
                  | Appendage; and the following spells available to memorise:
                  | Ignite Poison
     0 | D:1      | Reached XP level 1. HP: 15/15 MP: 2/2
   191 | D:1      | Found a faded altar of an unknown god.
   495 | D:1      | Reached XP level 2. HP: 21/21 MP: 3/3
  1242 | D:2      | Killed from afar by an orc priest

Illustrated notes

Levels and vault maps discovered:
D:1:      minmay_arrival_doors, layout_loops_ring, basic_ecumenical_altar
D:2:      cheibrodos_pilgrimage, layout_basic, nicolae_grassy_gnolls

Action                   || total
-------------------------++-------
Melee: Hand axe          ||    34
Armor: Ring mail         ||     8
Dodge: Dodged            ||    14
